 Dungeon Crawl Stone Soup version 0.31-a0-1308-ga3cce3a448 (webtiles) character file.

Game seed: 16742700052967652907

1880 jasper the Thaumaturge (level 8, -5/65 HPs)
             Began as a Mummy Necromancer on Dec 19, 2023.
             Was a Follower of Kikubaaqudgha.
             Slain by a howler monkey (7 damage)
             ... on level 6 of the Dungeon.
             The game lasted 00:11:00 (5154 turns).

jasper the Thaumaturge (Mummy Necromancer)          Turns: 5154, Time: 00:11:00

Health: -5/65      AC:  5    Str: 12    XL:     8   Next: 91%
Magic:  2/20       EV: 14    Int: 16    God:    Kikubaaqudgha [*.....]
Gold:   171        SH:  0    Dex: 12    Spells: 17/23 levels left

rFire   x . .        o - +2 short sword (flame)
rCold   + . .        (no shield)
rNeg    + + +        a - +0 robe
rPois   ∞            f - +0 helmet
rElec   .            n - +0 cloak
rCorr   .            (no gloves)
SInv    .            r - +0 pair of boots
Will    +....        (no amulet)
Stlth   ++           (no ring)
HPRegen 0.30/turn    (no ring)
MPRegen 0.17/turn

%: faith
@: no status effects
A: cold resistance 1, negative energy resistance 3, torment resistance 2, heat
vulnerability 1, in touch with death 1, no potions, faith
a: Renounce Religion, Unearth Wretches


You were on level 6 of the Dungeon.
You worshipped Kikubaaqudgha.
Kikubaaqudgha was aware of your devotion.
You visited 2 branches of the dungeon, and saw 8 of its levels.

You collected 171 gold pieces.

Inventory:

Hand Weapons
 d - a +0 rapier
 e - a +0 short sword
 l - a +2 dagger of freezing
 o - a +2 short sword of flaming (weapon)
Missiles
 b - 45 stones
 c - 10 boomerangs
 s - 6 javelins
Armour
 a - a +0 robe (worn)
 f - a +0 helmet (worn)
 m - a +0 helmet
 n - a +0 cloak (worn)
 r - a +0 pair of boots (worn)
Jewellery
 g - a +5 ring of evasion
Wands
 p - a wand of flame (5)
 t - a wand of digging (5)
Scrolls
 h - 2 scrolls of noise
 i - 3 scrolls of vulnerability
 j - 3 scrolls of identify
 k - 3 scrolls of amnesia


   Skills:
 + Level 6.7 Fighting
 + Level 5.9 Dodging
 - Level 1.5 Stealth
 - Level 8.0 Spellcasting
 - Level 4.0 Necromancy


You had 17 spell levels left.
You knew the following spells:

 Your Spells              Type           Power      Damage    Failure   Level
a - Necrotise             Necr           100%       1d9       2%          1
b - Vampiric Draining     Necr           28%        2d8       6%          3
c - Cigotuvi's Dreadful   Necr/Pois/Air  30%        N/A       10%         2

Your spell library contained the following spells:

 Spells                   Type           Power      Damage    Failure   Level
 Animate Dead             Necr           28%        N/A       22%         4
 Agony                    Necr           28%        N/A       52%         5
 Leda's Liquefaction      Tmut/Erth      3%         N/A       73%         4
 Lee's Rapid Deconstruct  Erth           3%         3d5*      97%         5
 Bombard                  Conj/Erth      3%         9d1       100%        6


Dungeon Overview and Level Annotations

Branches:
Dungeon (7/15)             Temple (1/1) D:4

Altars:
Ashenzari
Cheibriados
Dithmenos
Fedhas
Gozag
Hepliaklqana
Kikubaaqudgha
Makhleb
Nemelex Xobeh
Okawaru
Qazlal
Ru
Sif Muna
Trog
Wu Jian
Yredelemnul


Innate Abilities, Weirdness & Mutations

You are immune to poison.
Your flesh is cold resistant. (rC+)
You are immune to negative energy. (rN+++)
You are immune to unholy pain and torment.
You are vulnerable to heat. (rF-)
You are in touch with the powers of death.
You do not drink.
You have a special connection with the divine. (Faith)


Message History

Something tries to affect you, but you resist.
A howler monkey comes into view.
The iguana closely misses you.
The howler monkey howls!
You see here a +0 quarterstaff.
Okay, then.
The air fills with toxic fumes!
As you read the scroll of poison, it crumbles to dust.
The iguana bites you!
* * * LOW HITPOINT WARNING * * *
You take 6 damage, and have 7/65 hp.
There are monsters nearby!
The howler monkey hits you.
* * * LOW HITPOINT WARNING * * *
You take 4 damage, and have 3/65 hp.
You closely miss the howler monkey. The howler monkey hits you.
* * * LOW HITPOINT WARNING * * *
The iguana barely misses you.
You take 2 damage, and have 1/65 hp.
You hit the howler monkey. You burn the howler monkey.
The howler monkey is moderately wounded.
The howler monkey hits you but does no damage.
The iguana closely misses you.
Aiming: Necrotise (safe; 2% risk of failure)
Press: ? - help, Q - select action, (/) - cycle Shift-Dir - straight line, f - iguana
Aim: an iguana (chance to affect: 88%)
You feel a surge of power!
The iguana writhes in agony.
The howler monkey hoots and howls with incredible vigour!
The iguana closely misses you.
You hear a shout! x2
Something shouts, "Crawl home, thou peeagling hell-hated clack-dish!"
You hear a bark!
You now have 3/20 mp.
Aiming: Necrotise (safe; 2% risk of failure)
Press: ? - help, Q - select action, (/) - cycle Shift-Dir - straight line, f/p - iguana
Aim: an iguana (lightly wounded, chance to affect: 88%)
You feel a surge of power!
The iguana writhes in agony.
The howler monkey hits you!
You die...
Kikubaaqudgha rasps: "You have failed me!
Welcome... oblivion!"

#############
#...........#
#..§..).....#
#..§§§.?...
#..§§§☼§#######
#..§§§§§.l@h§§#
#..§§.☼☼#####☼#
#)g☼§§o...#
###..§......# #
#...........#
#####...........#
....'.............
#####....######.##
###### +#


You could see a howler monkey (catching breath) and an iguana.

Vanquished Creatures
  Grinder (D:3)
  Sigmund (D:3)
  Menkaure (D:7)
  2 water moccasins
  A sky beast (D:4)
  An ogre (D:5)
  A centaur (D:5)
  A bullfrog (D:7)
  3 scorpions
  2 wights (D:7)
  A gnoll bouda (D:6)
  2 hounds (D:5)
  An orc priest (D:4)
  2 jellies
  Ijyb (D:3)
  Jessica (D:3)
  An iguana (D:5)
  Terence (D:3)
  2 hound skeletons (D:4)
  Robin (D:2)
  9 gnolls
  5 adders
  2 ufetubi (D:7)
  3 adder zombies (D:4)
  4 adder skeletons (D:4)
  4 worms
  2 dart slugs
  7 orcs
  4 ball pythons
  3 endoplasms
  3 giant cockroaches
  9 goblins
  12 hobgoblins
  5 kobolds
  2 quokkas
  4 bats
  3 frilled lizards
  6 rats
114 creatures vanquished.

Vanquished Creatures (collateral kills)
  3 ball pythons (D:1)
  An endoplasm (D:1)
  A goblin (D:2)
  A frilled lizard (D:1)
6 creatures vanquished.

Grand Total: 120 creatures vanquished

Notes
Turn   | Place    | Note
-------+----------+-------------------------------------------
     0 | D:1      | jasper the Mummy Necromancer began the quest for the Orb.
     0 | D:1      | Reached XP level 1. HP: 13/13 MP: 4/4
    74 | D:1      | Reached skill level 3 in Spellcasting
   211 | D:1      | Reached XP level 2. HP: 19/19 MP: 0/6
   336 | D:1      | Reached skill level 4 in Spellcasting
   638 | D:1      | Reached XP level 3. HP: 24/24 MP: 5/8
   642 | D:1      | Learned a level 3 spell: Vampiric Draining
   949 | D:2      | Found a shadowy altar of Dithmenos.
  1039 | D:2      | Noticed Robin
  1070 | D:2      | HP: 1/24 [hobgoblin[Robin] (3)]
  1110 | D:2      | Killed Robin
  1111 | D:2      | Reached skill level 5 in Spellcasting
  1374 | D:2      | Reached XP level 4. HP: 30/30 MP: 6/11
  1905 | D:3      | Noticed Sigmund
  1908 | D:3      | Noticed Jessica
  1914 | D:3      | Killed Sigmund
  1915 | D:3      | Reached skill level 7 in Spellcasting
  1915 | D:3      | Reached XP level 5. HP: 35/35 MP: 4/15
  1915 | D:3      | Killed Jessica
  2045 | D:3      | Noticed Ijyb
  2047 | D:3      | Noticed Grinder
  2048 | D:3      | Paralysed by Ijyb for 4 turns
  2058 | D:3      | Killed Ijyb
  2059 | D:3      | Reached XP level 6. HP: 29/41 MP: 8/16
  2060 | D:3      | Found a faded altar of an unknown god.
  2078 | D:3      | Killed Grinder
  2079 | D:3      | Reached skill level 8 in Spellcasting
  2388 | D:3      | Reached XP level 7. HP: 51/51 MP: 15/18
  2490 | D:3      | Found a sparkling altar of Nemelex Xobeh.
  2490 | D:3      | Noticed Terence
  2501 | D:3      | Killed Terence
  3050 | D:4      | Found a staircase to the Ecumenical Temple.
  3058 | Temple   | Entered the Ecumenical Temple
  3070 | Temple   | Became a worshipper of Kikubaaqudgha
  3545 | D:4      | Found a snail-covered altar of Cheibriados.
  3667 | D:4      | Reached * piety under Kikubaaqudgha
  3667 | D:4      | Received a gift from Kikubaaqudgha
  3671 | D:4      | Learned a level 2 spell: Cigotuvi's Dreadful Rot
  3955 | D:5      | Entered Level 5 of the Dungeon
  4126 | D:5      | Reached XP level 8. HP: 41/61 MP: 16/20
  4386 | D:5      | Reached skill level 5 in Fighting
  4437 | D:5      | Found a burning altar of Makhleb.
  4437 | D:5      | Found a stormy altar of Qazlal.
  4455 | D:5      | Found an ornate altar of the Wu Jian Council.
  4552 | D:5      | Reached skill level 5 in Dodging
  4596 | D:5      | You fall into a shaft and drop 2 floors!
  5087 | D:7      | Noticed Menkaure
  5096 | D:7      | Killed Menkaure
  5150 | D:6      | HP: 3/65 [howler monkey (4)]
  5151 | D:6      | HP: 1/65 [howler monkey (2)]
  5154 | D:6      | Slain by a howler monkey

Illustrated notes

Levels and vault maps discovered:
D:1:      erik_arrival_triangle_huge, layout_rooms
D:2:      layout_loops_ring, basic_altar, minmay_stone_trees_medium, uniq_robin
D:3:      layout_loops_ring, nemelex_xobeh_ov_fountains_minmay,
          hellmonk_ecumenical_altar_heavens_door, uniq_jessica, uniq_ijyb,
          uniq_sigmund, uniq_terence, uniq_grinder
D:4:      layout_basic, general_overflow_altar,
          minmay_temple_entry_proselytizer,
          mainiacjoe_ossuary_entry_find_the_door, abandoned_shop,
          nicolae_letterblocks [nicolae_letter_subblock,
          nicolae_letter_subblock, nicolae_letter_subblock,
          nicolae_letter_subblock, nicolae_letter_subblock,
          nicolae_letter_subblock, nicolae_letter_subblock,
          nicolae_letter_subblock, nicolae_letter_subblock,
          nicolae_letter_subblock, nicolae_letter_subblock,
          nicolae_letter_subblock, nicolae_letter_subblock,
          nicolae_letter_subblock, nicolae_letter_subblock,
          nicolae_letter_subblock, nicolae_letter_subblock,
          nicolae_letter_subblock, nicolae_letter_subblock,
          nicolae_letter_subblock, nicolae_letter_subblock,
          nicolae_letter_subblock, nicolae_letter_subblock,
          nicolae_letter_subblock, nicolae_letter_subblock]
D:5:      layout_rooms, chequers_temple_overflow_statue_of_worship,
          pdpol_wu_jian_five_deadly_venoms, portal_sewer_entry_d
D:6:      layout_basic, kennysheep_generic_room_16
D:7:      layout_loops_corners, mainiacjoe_overflow_catwalk,
          uniq_crazy_yiuf_cottage, uniq_maggie, uniq_menkaure
Temple:   nicolae_temple_ecumenical_triangle

Skill      XL: |  1  2  3  4  5  6  7  8 |
---------------+-------------------------+-----
Spellcasting   | 3 4 5 7 8 |  8.0
Fighting       | 2 4 6 |  6.7
Dodging        | 2 4 5 |  5.9
Stealth        | |  1.5
Necromancy     | |  4.0

Action                     |  1- 3 |  4- 6 |  7- 9 || total
---------------------------+-------+-------+-------++-------
  Melee: Short sword       |     3 |       |   131 ||   134
         Rapier            |    12 |       |       ||    12
         Dagger            |     6 |     6 |     6 ||    18
         Punch             |       |       |     1 ||     1
   Cast: Necrotise         |    61 |    32 |   100 ||   193
         Vampiric Draining |       |       |    27 ||    27
  Evoke: Wand              |       |     4 |     2 ||     6
    Use: Scroll            |     3 |     2 |     5 ||    10
   Stab: Paralysed         |       |     6 |     5 ||    11
         Sleeping          |       |       |     3 ||     3
 Armour: Robe              |    25 |    11 |   151 ||   187
  Dodge: Dodged            |    18 |     3 |   148 ||   169

Table legend: (Time is in decaauts)
 A = Elapsed time spent in this place.
 B = Non-inter-level travel time spent in this place.
 C = Inter-level travel time spent in this place.
 D = Time resting spent in this place.
 E = Time spent auto-exploring this place.
 F = Levels seen in this place.
 G = Mean time per level.
                   A        B        C        D        E       F      G
               +--------+--------+--------+--------+--------+-----+--------+
         Total |   5153 |   5037 |    116 |    254 |   3827 |   8 |  644.1 |
       Dungeon |   5133 |   5023 |    110 |    254 |   3827 |   7 |  733.3 |
        Temple |     19 |     13 |      6 |      0 |      0 |   1 |   19.0 |
               +--------+--------+--------+--------+--------+-----+--------+

Top non-repeatable levels by time:
     D:4: 1225 daAuts
     D:2: 1058 daAuts
     D:3: 836 daAuts
     D:1: 815 daAuts
     D:5: 640 daAuts
     D:7: 507 daAuts
     D:6: 49 daAuts
  Temple: 19 daAuts
